 Dungeon Crawl Stone Soup version 0.28.0-43-g3370ac3207 (webtiles) character file.

Game seed: 5859425525447118400

13726 smarlow the Covert (level 12, -1/60 HPs)
             Began as a Vine Stalker Enchanter on Mar 22, 2022.
             Was a Priest of Wu Jian.
             Succumbed to a black mamba's poison
             ... on level 1 of the Lair of Beasts.
             The game lasted 00:28:37 (11023 turns).

smarlow the Covert (Vine Stalker Enchanter)        Turns: 11023, Time: 00:28:37

Health: -1/60      AC:  7    Str: 11    XL:     12   Next: 9%
Magic:  4/26       EV: 16    Int: 15    God:    Wu Jian [***...]
Gold:   413        SH:  0    Dex: 20    Spells: 19/30 levels left

rFire   + . .      SeeInvis .   h - +3 dagger (protect)
rCold   + . .      Faith    .   (no shield)
rNeg    . . .      Spirit   +   B - +2 robe {rC+ rF+}
rPois   .          Reflect  .   (no helmet)
rElec   .          Harm     .   s - +0 cloak
rCorr   .          Rampage  .   m - +1 pair of gloves
Will    +....                   (no boots)
Stlth   ++++++....              (no amulet)
HPRegen 1.00/turn               (no ring)
MPRegen 0.20/turn               (no ring)

@: lethally poisoned (-1 -> -22)
A: fangs 3, regeneration 1, magic shield, antimagic bite, no potion heal 2
a: Renounce Religion, Wall Jump, Serpent's Lash


You were on level 1 of the Lair of Beasts.
You worshipped Wu Jian.
Wu Jian was most pleased with you.
You visited 3 branches of the dungeon, and saw 13 of its levels.
You also visited: Ossuary.

You collected 613 gold pieces.
You spent 200 gold pieces at shops.

Inventory:

Hand Weapons
 a - a +1 dagger
 h - a +3 dagger of protection (weapon)
Missiles
 t - a throwing net
 C - 2 silver javelins
Armour
 b - a +0 robe
 m - a +1 pair of gloves (worn)
 s - a +0 cloak (worn)
 B - a +2 robe of resistance (worn)
Wands
 c - a wand of flame (7)
 D - a wand of paralysis (11)
 G - a wand of charming (14)
 J - a wand of polymorph (20)
 L - a wand of digging (3)
 O - a wand of iceblast (6)
Scrolls
 d - 13 scrolls of teleportation
 n - 2 scrolls of blinking
 o - 2 scrolls of enchant weapon
 p - 2 scrolls of noise
 q - a scroll of vulnerability
 r - 4 scrolls of fear
 v - a scroll of enchant armour
 w - a scroll of summoning
 y - a scroll of fog {unknown}
 z - 4 scrolls of magic mapping {unknown}
 H - a scroll of silence {unknown}
 I - 5 scrolls of identify
 K - a scroll of immolation {unknown}
 M - a scroll of amnesia {unknown}
Potions
 e - 3 potions of heal wounds
 f - 2 potions of ambrosia {unknown}
 g - a potion of brilliance
 i - 4 potions of curing
 j - 2 potions of magic {unknown}
 k - 3 potions of might
 l - 2 potions of mutation {unknown}
 u - 3 potions of attraction
 x - 6 potions of haste
 A - 4 potions of degeneration {unknown}
 E - 2 potions of cancellation {unknown}
 F - 3 potions of resistance {unknown}
 N - a potion of lignification
 P - a potion of flight {unknown}


   Skills:
 + Level 5.5 Fighting
 + Level 6.5 Short Blades
 + Level 6.1 Dodging
 * Level 12.8 Stealth
 * Level 9.9 Spellcasting
 + Level 7.7 Hexes


You had 19 spell levels left.
You knew the following spells:

 Your Spells              Type           Power      Damage    Failure   Level
a - Ensorcelled Hibernat  Hex/Ice        38%        N/A       3%          2
b - Confusing Touch       Hex            30%        N/A       1%          3
c - Tukima's Dance        Hex            30%        N/A       1%          3
d - Dazzling Flash        Conj/Hex       38%        N/A       6%          3

Your spell library contained the following spells:

 Spells                   Type           Power      Damage    Failure   Level
 Corpse Rot               Necr/Air       14%        N/A       16%         2
 Poisonous Vapours        Pois/Air       14%        N/A       16%         2
 Ignite Poison            Fire/Tmut/Pois 7%         N/A       30%         3
 Mephitic Cloud           Conj/Pois/Air  7%         N/A       30%         3
 Freezing Cloud           Conj/Ice/Air   3%         6-21      95%         5


Dungeon Overview and Level Annotations

Branches:
Dungeon (10/15)            Temple (1/1) D:7            Lair (2/6) D:8
    Orc (0/2) D:9         Ossuary (visited)
  Swamp: Lair:2-4    Shoals: Lair:2-4     Snake: Lair:2-4    Spider: Lair:2-4

Altars:
Ashenzari
Cheibriados
Dithmenos
Elyvilon
Fedhas
Gozag
Hepliaklqana
Kikubaaqudgha
Makhleb
Nemelex Xobeh
Okawaru
Qazlal
Ru
Sif Muna
Trog
Uskayaw
Vehumet
Wu Jian
Xom
Yredelemnul
Zin
The Shining One

Shops:
D:4 !


Innate Abilities, Weirdness & Mutations

You have razor-sharp teeth.
Your natural rate of healing is unusually fast.
When hurt, damage is shared between your health and your magic reserves.
Your bite disrupts and absorbs the magic of your enemies.
Potions cannot restore your health.


Message History

The komodo dragon is lightly wounded.
You hit the komodo dragon but do no damage.
Your bite misses the komodo dragon.
The komodo dragon is lightly wounded.
The komodo dragon closely misses you.
Casting: Ensorcelled Hibernation (safe; 3% risk of failure)
Confirm with . or Enter, or press ? or * to list all spells.
Aiming: Ensorcelled Hibernation (safe; 3% risk of failure)
Press: ? - help, Shift-Dir - straight line, f - komodo dragon
Aim: a komodo dragon (lightly wounded, chance to affect: 34%)
The komodo dragon easily resists.
The komodo dragon barely misses you. The black mamba barely misses you.
The boulder beetle curls into a ball and begins rolling!
Casting: Ensorcelled Hibernation (safe; 3% risk of failure)
Confirm with . or Enter, or press ? or * to list all spells.
Aiming: Ensorcelled Hibernation (safe; 3% risk of failure)
Press: ? - help, Shift-Dir - straight line, f/p - komodo dragon
Aim: a komodo dragon (lightly wounded, chance to affect: 34%)
Okay, then.
The black mamba closely misses you. The black mamba bites you!
You are poisoned.
The black mamba poisons you!
You feel very sick.
The black mamba bites you but does no damage.
You feel very sick.
The black mamba bites you but does no damage.
You feel very sick.
There is a stone staircase leading up here.
You feel sick. The black mamba bites you!
* * * LOW HITPOINT WARNING * * *
You are lethally poisoned!
The black mamba poisons you!
The boulder beetle stops rolling and uncurls.
The black mamba bites you!
* * * LOW HITPOINT WARNING * * *
The water moccasin bites you.
* * * LOW HITPOINT WARNING * * *
You climb upwards.
You die...

............#.....#.#............
........8...+...8...+...8........
.#+.+................#......+....
........##..#.#........##.#.#....
............#.......##......#....
.....#..###..###.##...#.##.#.....
.............##...##.......##.###
#.######.....#.............#.....
########....##8S@.8##......#....#
#P.##.##.....#..S..###..........#
'.....#.....##..8.## #.....#....#
###..###.....###..# #.....#....#
# #..# #..........####.....#.....
# #### #....##.#................#
# ### #....####.##.............#
####.###....# #......(.(P..#....#
............####.##..(P....##..##


You could see a black mamba and a water moccasin.

Vanquished Creatures
  2 hydras
  2 two-headed ogres
  Nergalle (Lair:1)
  A black mamba (Lair:1)
  Joseph (D:7)
  3 cane toads
  A komodo dragon (Lair:1)
  2 rime drakes (Lair:1)
  2 hornets
  A troll (D:10)
  A polar bear (Lair:1)
  2 wyverns
  Sigmund (D:6)
  3 wraiths
  4 yaks
  2 vampire mosquitoes (D:10)
  Menkaure (D:6)
  3 wargs (D:9)
  An acid dragon (D:8)
  7 water moccasins
  3 ice beasts
  2 sky beasts
  4 orc warriors
  A black bear (D:8)
  A necrophage (D:7)
  4 hornet zombies
  14 wolves (Lair:1)
  2 centaurs
  4 phantoms
  2 kobold brigands
  3 bullfrogs
  A water moccasin zombie (D:7)
  A scorpion (D:4)
  A gnoll sergeant (D:9)
  9 wights
  A howler monkey (D:7)
  A jelly (D:5)
  A bullfrog zombie (D:6)
  A hound (D:4)
  Crazy Yiuf (D:2)
  An orc priest (D:4)
  2 bullfrog skeletons
  A gnoll shaman (D:8)
  Terence (D:2)
  2 iguanas
  2 orc wizards
  3 hound zombies (Ossuary)
  2 howler monkey zombies
  5 mummies
  2 howler monkey skeletons
  17 gnolls
  5 adders
  A shadow imp (D:6)
  An ufetubus (D:7)
  An adder zombie (Ossuary)
  An adder skeleton (D:4)
  A worm (D:3)
  3 dart slugs
  19 orcs
  4 ball pythons
  9 bats
  6 endoplasms
  10 giant cockroaches
  3 gnoll zombies (Ossuary)
  5 goblins
  7 hobgoblins
  6 jackals
  4 quokkas
  2 frilled lizards (D:1)
  A goblin zombie (Ossuary)
  9 kobolds
  4 orc zombies
  3 rats
  2 rat zombies (Ossuary)
243 creatures vanquished.

Vanquished Creatures (collateral kills)
  A wight (D:8)
  A gnoll (D:8)
  An orc (D:8)
3 creatures vanquished.

Vanquished Creatures (others)
  6 dancing weapons
  18 fungi
  11 plants
35 creatures vanquished.

Grand Total: 281 creatures vanquished

Notes
Turn   | Place    | Note
-------+----------+-------------------------------------------
     0 | D:1      | smarlow the Vine Stalker Enchanter began the quest for the
                  | Orb.
     0 | D:1      | Reached XP level 1. HP: 9/9 MP: 4/4
    44 | D:1      | Reached skill level 1 in Short Blades
   119 | D:1      | You fall into a shaft and drop 1 floor!
   269 | D:1      | Reached XP level 2. HP: 5/13 MP: 6/6
   587 | D:1      | Found a faded altar of an unknown god.
   983 | D:1      | Reached skill level 4 in Stealth
  1011 | D:1      | Reached XP level 3. HP: 15/16 MP: 5/7
  1014 | D:1      | Learned a level 2 spell: Ensorcelled Hibernation
  1018 | D:1      | Learned a level 3 spell: Confusing Touch
  1619 | D:2      | Noticed Terence
  1629 | D:2      | Killed Terence
  1630 | D:2      | Gained mutation: Your natural rate of healing is unusually
                  | fast. [Vine Stalker growth]
  1630 | D:2      | Reached XP level 4. HP: 10/21 MP: 5/9
  2323 | D:2      | Found a runed translucent door.
  2324 | D:2      | Noticed Crazy Yiuf
  2896 | D:3      | Found a shadowy altar of Dithmenos.
  2961 | D:3      | Reached XP level 5. HP: 24/24 MP: 1/10
  2983 | D:3      | Learned a level 3 spell: Tukima's Dance
  3435 | D:4      | Reached skill level 5 in Stealth
  3435 | D:4      | Reached XP level 6. HP: 20/28 MP: 8/12
  4046 | D:4      | Found Epiulib's Distillery.
  4097 | D:4      | Bought a potion of attraction for 30 gold pieces
  4257 | D:5      | Entered Level 5 of the Dungeon
  4352 | D:5      | Reached XP level 7. HP: 32/32 MP: 11/13
  4506 | D:4      | Learned a level 3 spell: Dazzling Flash
  4662 | D:5      | Reached skill level 6 in Stealth
  4943 | D:6      | Reached skill level 1 in Fighting
  5029 | D:6      | Gained mutation: You have razor-sharp teeth. [Vine Stalker
                  | growth]
  5029 | D:6      | Reached XP level 8. HP: 37/37 MP: 15/15
  5238 | D:6      | Noticed Sigmund
  5283 | D:6      | Killed Sigmund
  5349 | D:6      | Reached skill level 7 in Stealth
  5349 | D:6      | Reached skill level 5 in Spellcasting
  5467 | D:6      | Reached skill level 5 in Hexes
  5621 | D:6      | Noticed Menkaure
  5625 | D:6      | Killed Menkaure
  5829 | D:7      | Found a staircase to the Ecumenical Temple.
  5829 | D:7      | Noticed a wraith
  5834 | Temple   | Entered the Ecumenical Temple
  5854 | Temple   | Killed a wraith
  5855 | Temple   | Reached skill level 8 in Stealth
  5855 | Temple   | Reached XP level 9. HP: 43/43 MP: 13/18
  5925 | Temple   | Became a worshipper of the Wu Jian Council
  6033 | D:7      | Found a sand-covered staircase.
  6051 | Ossuary  | Entered an ossuary
  6126 | Ossuary  | Reached * piety under Wu Jian
  6403 | D:7      | Noticed Joseph
  6723 | D:7      | Killed Joseph
  6724 | D:7      | Reached skill level 9 in Stealth
  6847 | D:8      | Noticed a hornet
  6858 | D:8      | Killed a hornet
  6931 | D:8      | Reached XP level 10. HP: 44/49 MP: 21/21
  7270 | D:8      | Reached ** piety under Wu Jian
  7319 | D:8      | Reached skill level 5 in Short Blades
  7320 | D:8      | Found a staircase to the Lair.
  7323 | D:8      | Reached skill level 10 in Stealth
  7754 | D:9      | Noticed a two-headed ogre
  7779 | D:9      | Killed a two-headed ogre
  7780 | D:9      | Reached skill level 5 in Dodging
  8039 | D:9      | Found a staircase to the Orcish Mines.
  8641 | D:9      | Reached skill level 11 in Stealth
  8688 | D:9      | Noticed a five-headed hydra
  8694 | D:9      | Killed a five-headed hydra
  8695 | D:9      | Reached XP level 11. HP: 54/54 MP: 19/24
  8801 | D:10     | Entered Level 10 of the Dungeon
  8927 | D:10     | Noticed a two-headed ogre
  8927 | D:10     | Reached *** piety under Wu Jian
  8938 | D:10     | Killed a two-headed ogre
  9509 | D:4      | Bought a potion of lignification for 30 gold pieces
  9509 | D:4      | Bought a potion of might for 40 gold pieces
  9509 | D:4      | Bought a potion of haste for 100 gold pieces
  9710 | D:2      | Killed Crazy Yiuf
  9934 | Lair:1   | Entered Level 1 of the Lair of Beasts
 10070 | Lair:1   | Noticed a four-headed hydra
 10078 | Lair:1   | Killed a four-headed hydra
 10190 | Lair:1   | Reached skill level 5 in Fighting
 10205 | Lair:1   | Reached skill level 12 in Stealth
 10740 | Lair:1   | Noticed Nergalle
 10820 | Lair:1   | Killed Nergalle
 10830 | Lair:1   | Reached XP level 12. HP: 60/60 MP: 26/26
 10988 | Lair:2   | Noticed a boulder beetle
 11023 | Lair:1   | Succumbed to a black mamba's poison

Illustrated notes

Levels and vault maps discovered:
D:1:      giann_bridges, layout_loops_corners,
          hellmonk_ecumenical_altar_pennies_from_heaven
D:2:      layout_loops_ring, minmay_hedge_maze, uniq_crazy_yiuf_cottage,
          uniq_terence
D:3:      layout_basic, grunt_dithmenos_smoke_and_mirrors, minmay_fountain_box,
          serial_bayou_lagoon_a
D:4:      layout_basic, serial_shops, nicolae_shop_waterfront, glass_columns_b,
          hangedman_abyss_or_decor_slice
D:5:      layout_rooms, minmay_misc_feat_iff
D:6:      layout_loops_ring, uniq_sigmund, uniq_menkaure
D:7:      layout_rooms, minmay_temple_entry_tees, nicolae_ossuary_entry_giza,
          serial_glass, glass_columns_b, glass_columns_a, uniq_joseph
D:8:      layout_rooms, grunt_lair_entry_orc_guard_hut
D:9:      layout_basic, minmay_orc_entry_guard_dogs
D:10:     layout_stronghold, serial_glass, glass_columns_a, glass_columns_b,
          minmay_misc_feat_plants
Temple:   kilobyte_greek_temple
Lair:1:   layout_regular_city, lemuel_fruit_tree, grunt_megastairs_1,
          uniq_nergalle
Lair:2:   layout_misc_corridors, portal_ice_cave_entry_pillars_2, wad_woods_03,
          serial_bayou_shore_a, lemuel_fruit_fields

Skill      XL: |  1  2  3  4  5  6  7  8  9 10 11 |
---------------+----------------------------------+-----
Short Blades   | 1 2 3 4 5 6 |  6.5
Stealth        | 4 5 6 8 9 11 12 | 12.8
Dodging        | 2 3 4 5 6 |  6.1
Spellcasting   | 3 4 5 7 8 9 |  9.9
Hexes          | 4 5 6 7 |  7.7
Fighting       | 1 2 3 4 5 |  5.5

Action                   |  1- 3 |  4- 6 |  7- 9 | 10-12 || total
-------------------------+-------+-------+-------+-------++-------
Melee: Dagger            |   101 |   190 |   281 |   326 ||   898
       Bite              |    23 |    67 |    92 |   109 ||   291
       Punch             |     1 |     6 |     9 |     3 ||    19
 Cast: Ensorcelled Hiber |       |    16 |    27 |    86 ||   129
       Tukima's Dance    |       |     3 |     1 |    14 ||    18
       Confusing Touch   |       |     3 |    15 |    20 ||    38
       Dazzling Flash    |       |       |       |     6 ||     6
Invok: Lunge             |       |       |    20 |    36 ||    56
       Whirlwind         |       |       |       |    24 ||    24
 Abil: Wall Jump         |       |       |       |     1 ||     1
  Use: Scroll            |       |       |     8 |       ||     8
       Potion            |       |       |     4 |     1 ||     5
 Stab: Sleeping          |     8 |    15 |    29 |    56 ||   108
       Confused          |       |     1 |    10 |    17 ||    28
       Distracted        |       |     1 |     2 |     1 ||     4
       Invisible         |       |       |     1 |     5 ||     6
Armor: Robe              |    19 |    41 |    72 |    95 ||   227
Dodge: Dodged            |    71 |    85 |   144 |   251 ||   551
